Get step-by-step instructions on how to execute this build order below. Start the game timer, and the build order will tick by so you can play in parallel with StarCraft on a second screen or mobile device.

Game Time

  0:00

Last Step

  N/A

Next Step

Upcoming Step



Don't want to look back and forth between 2 screens? Try out our Overwolf App, the Spawning Tool Build Advisor to get an in-game overlay with this build!

Complete Build Order

  12  0:00  Drone  
  13  0:07  Drone  
  14  0:14  Extractor  
  14  0:15  Drone  
  15  0:35  Hatchery  
  14  0:40  Drone, Extractor  
  15  0:46  Overlord  
  15  1:00  Spawning Pool  
  15  1:04  Drone  
  15  1:07  Drone  
  15  1:11  Drone  
  17  1:15  Drone  
  18  1:26  Drone  
  19  1:37  Drone  
  20  1:46  Queen x2  
  20  1:48  Drone  
  20  1:50  Drone  
  26  1:58  Drone, Overlord  
  28  2:08  Drone  
  28  2:17  Drone  
  28  2:18  Hatchery  
  28  2:20  Drone  
  28  2:21  Drone  
  30  2:29  Queen  
  32  2:31  Drone  
  32  2:35  Overlord  
  33  2:42  Drone x2  
  35  2:47  Extractor  
  34  2:52  Drone x2  
  34  2:55  Drone x5  
  34  2:57  Drone  
  42  3:05  Queen  
  44  3:09  Roach Warren  
  43  3:12  Overlord  
  43  3:19  Drone  
  44  3:22  Overlord  
  44  3:30  Drone x6  
  44  3:31  Drone  
  51  3:40  Overlord  
  51  3:46  Evolution Chamber  
  50  3:49  Drone  
  50  3:50  Evolution Chamber  
  50  3:53  Roach x2  
  54  3:58  Roach x2  
  54  4:02  Overlord  
  59  4:03  Drone x7, Extractor  
  59  4:05  Extractor  
  59  4:06  Drone  
  59  4:08  Drone  
  65  4:21  Drone x5  
  64  4:24  Drone  
  64  4:26  Lair  
  64  4:30  Drone x4  
  66  4:32  Drone  
  66  4:35  Drone x4  
  71  4:39  Drone  
  71  4:42  Drone  
  71  4:44  Drone  
  74  4:49  Spore Crawler  
  74  4:50  Spore Crawler  
  74  4:52  Overlord  
  72  4:54  Spore Crawler  
  72  4:55  Extractor  
  72  4:56  Drone x3  
  72  4:57  Drone  
  74  5:00  Drone, Extractor x2  
  74  5:01  Drone  
  74  5:12  Overlord  
  74  5:13  Drone x4  
  78  5:15  Drone x3  
  78  5:18  Hatchery  
  78  5:19  Drone  
  81  5:22  Overlord  
  81  5:25  Drone  
  82  5:28  Infestation Pit  
  82  5:29  Glial Reconstitution  
  82  5:30  Overlord  
  82  5:34  Drone x5  
  86  5:38  Overlord, Evolution Chamber  
  86  5:39  Evolution Chamber  
  86  5:40  Drone x2  
  86  5:41  Overseer  
  83  5:53  Overseer  
  83  5:55  Drone x3  
  83  5:56  Roach  
  101  5:57  Roach x7  
  101  5:59  Overlord  
  101  6:04  Drone  
  100  6:05  Hive  
  100  6:11  Zerg Ground Armor Level 1, Zerg Missile Weapons Level 1  
  98  6:18  Drone  
  98  6:19  Drone  
  98  6:20  Drone x5  
  104  6:26  Drone x4  
  104  6:29  Drone x2  
  104  6:31  Spore Crawler  
  104  6:32  Drone  
  111  6:40  Spore Crawler  
  111  6:42  Overlord  
  111  6:43  Ravager x2  
  111  6:44  Ravager  
  111  6:45  Roach x3  
  119  6:50  Overlord x3  
  119  6:57  Extractor  
  119  7:00  Roach  
  119  7:01  Roach x4  
  128  7:06  Overlord  
  128  7:09  Overseer  
  128  7:10  Extractor  
  128  7:11  Drone x10  
  137  7:18  Roach  
  137  7:19  Roach x6  
  137  7:22  Ultralisk Cavern  
  150  7:27  Viper x2  
  156  7:31  Overlord x2  
  156  7:32  Ravager  
  156  7:33  Ravager  
  158  7:39  Roach  
  158  7:40  Overlord  
  157  7:54  Ravager  
  157  7:55  Overlord x2  
  158  8:09  Ultralisk x4  
  182  8:16  Chitinous Plating  
  180  8:20  Roach x2  
  176  8:27  Roach x7  
  176  8:31  Overlord, Ravager  
  191  8:34  Spore Crawler  
  191  8:35  Spore Crawler  
  191  8:36  Spore Crawler  
  188  8:45  Spore Crawler  
  186  8:52  Zerg Ground Armor Level 2  
  186  8:53  Zerg Melee Weapons Level 1  
  186  9:01  Ultralisk  
  192  9:09  Ultralisk  
  179  9:37  Ultralisk x3  
  177  9:39  Drone x3  
  170  9:46  Ultralisk  
  170  9:48  Drone x4  
  170  9:49  Drone  
  179  9:53  Overlord, Extractor  
  179  9:56  Drone x3  
  181  10:04  Roach x5  
  181  10:06  Hatchery  
  190  10:15  Spore Crawler  
  190  10:18  Spore Crawler, Anabolic Synthesis  
  186  10:23  Infestor x2  
  186  10:24  Infestor  
  186  10:30  Spore Crawler, Roach x3  
  191  10:37  Spore Crawler  
  191  10:38  Spore Crawler  
  191  10:41  Roach x3  
  195  10:46  Viper  
  195  10:49  Spore Crawler x2  
  196  10:52  Viper  
  197  11:07  Burrow  
  197  11:12  Spore Crawler  
  197  11:13  Pneumatized Carapace  
  197  11:14  Spore Crawler, Overseer x4  
  197  11:16  Spore Crawler, Drone x6  
  200  11:25  Zerg Ground Armor Level 3  
  200  11:27  Extractor  
  200  11:29  Zerg Melee Weapons Level 2  
  200  11:30  Extractor  
  198  11:34  Drone x2  
  200  11:47  Spore Crawler x2  
  195  12:03  Overlord  
  195  12:04  Overlord x4  
  195  12:06  Overseer x3  
  195  12:24  Drone x3  
  198  12:37  Metabolic Boost  
  198  12:43  Baneling Nest  
  197  12:49  Hatchery  
  197  12:50  Infestor  
  194  13:08  Ravager x3  
  194  13:09  Ravager x3  
  194  13:10  Infestor  
  167  13:36  Ultralisk x6  
  175  13:53  Zerg Melee Weapons Level 3  
  159  13:56  Adrenal Glands  
  159  13:57  Drone  
  159  13:58  Infestor x3, Drone x6  
  159  14:00  Zergling x44, Ultralisk  
  200  14:12  Centrifugal Hooks  
  200  14:13  Zerg Missile Weapons Level 2  
  199  14:37  Hatchery  
  198  14:51  Hatchery  
  197  15:18  Zergling x4  
  197  15:19  Hatchery, Zergling x2  
  197  15:21  Baneling x32  
  197  15:45  Infestor  
  197  15:53  Drone  
  197  15:55  Drone  
  198  16:12  Zergling x16  
  196  16:20  Infestor x3  
  184  16:32  Zergling x2  
  184  16:33  Zergling x30  
  193  16:59  Infestor  
  174  17:12  Drone x12  
  174  17:13  Zergling x18  
  189  17:27  Hatchery  
  171  17:48  Zergling x30  
  186  17:55  Spore Crawler  
  186  17:56  Spore Crawler x2, Baneling  
  186  17:57  Baneling x28, Zerg Missile Weapons Level 3  
  181  18:15  Zergling x20  
  188  18:25  Zergling x12  
  195  18:27  Zergling x6  
  195  18:29  Extractor  
  195  18:30  Extractor  
  195  18:52  Zergling x10  
  186  19:17  Viper x2  
  186  19:20  Baneling x15  
  186  19:21  Zergling x16  
  200  19:27  Infestor  
  200  19:29  Baneling x29  
  196  19:47  Overseer  
  196  19:48  Overseer x4  
  192  19:56  Zergling x2  
  192  19:57  Zergling x14  
  185  20:26  Zergling x28  
  147  20:45  Ultralisk x2  
  147  20:47  Zergling x22  
  163  20:52  Queen x2  
  163  20:53  Overlord  
  163  20:54  Overlord x5  
  163  20:56  Baneling x24  
  167  21:04  Queen  
  164  21:14  Queen  
  166  21:22  Overlord  
  166  21:23  Overseer x2  
  166  21:24  Overseer  
  160  21:28  Drone x3  
  160  21:30  Zergling x34  
  160  21:31  Hatchery  
  177  21:38  Infestor  
  179  21:47  Baneling  
  179  21:48  Baneling x6, Zergling x2  
  179  21:49  Zergling x10  
  185  21:55  Overseer  
  185  22:00  Zergling x12  
  191  22:04  Infestor  
  191  22:05  Infestor x2  
  190  22:21  Zergling x2  
  190  22:22  Zergling x28  
  193  22:35  Zergling x12  
  188  22:45  Drone x3  
  188  22:48  Zergling x20  
  198  23:04  Hatchery  
  176  23:12  Roach x4  
  182  23:15  Infestor x2, Extractor  
  182  23:17  Drone x3, Spore Crawler  
  182  23:18  Spore Crawler x2  
  181  23:26  Infestor  
  181  23:28  Baneling x21  
  181  23:29  Baneling x2  
  181  23:30  Zergling x30  
  188  23:46  Zergling x14  
  195  23:56  Hatchery  
  176  24:11  Ravager x4  
  176  24:16  Extractor  
  179  24:17  Extractor  
  169  24:27  Zergling x36  
  157  24:41  Ultralisk x3  
  157  24:45  Zergling x6  
  177  24:56  Zergling x12  
  169  25:01  Zergling x12  
  165  25:13  Zergling x12  
  142  25:28  Ultralisk x6  
  178  25:34  Spore Crawler, Drone x3  
  178  25:35  Spore Crawler  
  179  25:40  Zergling x12  
  185  25:44  Hatchery  
  185  25:47  Zergling x2  
  185  25:48  Zergling x10  
  185  25:49  Infestor  
  184  25:57  Zergling x22  
  180  26:05  Zergling x10  
  183  26:11  Zergling x10  
  183  26:21  Zergling x12  
  174  26:37  Zergling x8  
  174  26:38  Overlord x3  
  173  26:54  Zergling x8  
  177  26:55  Hatchery  
  177  26:59  Zergling x2, Overlord  
  177  27:00  Zergling x28  
  190  27:08  Overseer x3  
  190  27:09  Infestor  
  190  27:11  Zergling x2, Extractor  
  190  27:12  Zergling x16  
  198  27:21  Zergling x4  
  199  27:33  Spore Crawler  
  178  27:50  Zergling x36  
  127  28:02  Roach x6  
  138  28:10  Infestor  
  138  28:12  Infestor  
  138  28:14  Baneling x2  
  138  28:15  Baneling x14, Zergling x12  
  138  28:19  Zergling x6  
  147  28:27  Baneling  
  147  28:28  Infestor x3, Baneling x10  
  147  28:32  Zergling x8  
  157  28:41  Hatchery  
  157  28:45  Hatchery  
  151  28:52  Zergling x28  
  139  29:00  Zergling x12  
  130  29:10  Zergling x2  
  127  29:25  Overseer  
  125  29:38  Ravager x6  
  129  29:50  Zergling x4  
  106  30:08  Zergling x10  
  107  30:17  Infestor  
  104  30:39  Viper x3  
  108  30:57  Zergling x12  
  108  31:00  Drone